 Dungeon Crawl Stone Soup version 0.31.0-4-g52a2dc7128 (webtiles) character file.

Game seed: 271864452041030331

221 gelatine the Magician (level 5, -5/53 HPs)
             Began as an Oni Fire Elementalist on Jan 22, 2024.
             Slain by an orc
             ... wielding a +0 mace
              (7 damage)
             ... on level 2 of the Dungeon.
             The game lasted 00:07:46 (3008 turns).

gelatine the Magician (Oni Fire Elementalist)       Turns: 3008, Time: 00:07:47

Health: -5/53      AC:  3    Str: 12    XL:     5   Next: 98%
Magic:  1/10       EV: 10    Int: 18    God:
Gold:   151        SH:  0    Dex:  9    Spells: 2/11 levels left

rFire   . . .        k - +0 flail
rCold   . . .        (no shield)
rNeg    . . .        a - +0 robe
rPois   .            (helmet restricted)
rElec   .            (no cloak)
rCorr   .            (gloves unavailable)
SInv    +            (boots unavailable)
Will    .....        (no amulet)
Stlth   ++           o - ring of see invisible
HPRegen 0.28/turn    (no ring)
MPRegen 0.12/turn

%: no passive effects
@: no status effects
A: large, unfitting armour, horns 1, tough skin 1, double potion healing,
drunken brawling
a: no special abilities


You were on level 2 of the Dungeon.
You visited 1 branch of the dungeon, and saw 3 of its levels.

You collected 151 gold pieces.

Inventory:

Hand Weapons
 h - a +0 rapier
 k - a +0 flail (weapon)
Armour
 a - a +0 robe (worn)
Jewellery
 d - an amulet of faith
 o - a ring of see invisible (left hand)
Scrolls
 c - a scroll of teleportation
 e - a scroll of fear {unknown}
 g - a scroll of identify {unknown}
 i - a scroll of vulnerability {unknown}
 n - a scroll of noise {unknown}
Potions
 b - a potion of magic
 f - a potion of curing {unknown}
 j - 2 potions of lignification {unknown}
 l - a potion of might {unknown}
 m - a potion of haste {unknown}


   Skills:
 * Level 3.4 Fighting
 + Level 0.9 Maces & Flails
 + Level 2.2 Dodging
 + Level 1.6 Stealth
 + Level 0.7 Unarmed Combat
 + Level 3.7 Spellcasting
 + Level 1.9 Conjurations
 + Level 3.4 Fire Magic


You had 2 spell levels left.
You knew the following spells:

 Your Spells              Type           Power      Damage    Failure   Level
a - Foxfire               Conj/Fire      52%        2x1d6     4%          1
b - Scorch                Fire           30%        2d6       5%          2
c - Volatile Blastmotes   Fire/Tloc      18%        2d11      22%         3
d - Inner Flame           Hex/Fire       9%         N/A       22%         3

Your spell library contained the following spells:

 Spells                   Type           Power      Damage    Failure   Level
 Gell's Gravitas          Tloc           3%         N/A       41%         3
 Teleport Other           Tloc           3%         N/A       41%         3
 Flame Wave               Conj/Fire      13%        2d6       45%         4
 Dispersal                Tloc           1%         N/A       100%        6


Dungeon Overview and Level Annotations

Branches:
Dungeon (3/15)

Altars:
Ru

Shops:
D:2 =


Innate Abilities, Weirdness & Mutations

You are too large for most types of armour.
You have a pair of small horns on your head.
You have tough skin. (AC +1)
You gain doubled healing and magic from potions.
Whenever you drink a healing potion, you attack all around you.


Message History

Casting: Scorch (safe; 5% risk of failure)
Confirm with . or Enter, or press ? or * to list all spells.
Flames lash the orc but do no damage.
The orc barely misses you. The orc hits you with a +0 mace.
Casting: Scorch (safe; 5% risk of failure)
Confirm with . or Enter, or press ? or * to list all spells.
Flames lash the orc.
The orc is moderately wounded.
The orc's fire resistance burns away.
The orc hits you with a +0 whip. The orc hits you but does no damage.
Casting: Scorch (safe; 5% risk of failure)
Confirm with . or Enter, or press ? or * to list all spells.
Flames lash the orc.
You kill the orc!
The orc hits you with a +0 mace.
Casting: Scorch (safe; 5% risk of failure)
Confirm with . or Enter, or press ? or * to list all spells.
Flames lash the orc priest.
The orc priest is moderately wounded.
The orc priest's fire resistance burns away.
The orc priest invokes the aid of Beogh against you.
Beogh smites you! The orc hits you with a +0 mace!
* * * LOW HITPOINT WARNING * * *
Casting: Scorch (safe; 5% risk of failure)
Confirm with . or Enter, or press ? or * to list all spells.
You don't have enough magic to cast this spell.
The orc is no longer more vulnerable to fire.
The orc hits you with a +0 mace.
* * * LOW HITPOINT WARNING * * *
You climb upwards.
There is a stone staircase leading down here.
You see here a +0 dagger.
You closely miss the orc.
The orc is moderately wounded.
The orc hits you with a +0 mace.
* * * LOW HITPOINT WARNING * * *
You closely miss the orc. Your headbutt misses the orc.
The orc is moderately wounded.
The orc hits you with a +0 mace!
You die...

######### #(......# #.#####.#
#.#...#.# #.#.#.#.# #.#.#.#.#
###########.#.#.#.#
########.............#.#.#
.............[)o@#.###.#.#
########.#....##.#.....#.#
#......#......##.#######.#
#.###.##......##.#.....#.#
#....................#.#.#
#..##.####....##.#.#.#.#.####
#.....#.....####.#.#........#
#####.#.###.# #.#.#.#.#....#
....).....#.# #.#.###.######


You could see an orc.

Vanquished Creatures
  A bombardier beetle (D:3)
  An orc priest (D:2)
  2 orc wizards (D:2)
  A gnoll (D:3)
  3 adders
  A dart slug (D:2)
  4 orcs
  5 ball pythons
  2 bats
  5 endoplasms
  2 giant cockroaches (D:1)
  4 hobgoblins
  8 jackals
  4 quokkas
  5 frilled lizards
  3 goblins
  5 kobolds
  6 rats
62 creatures vanquished.

Vanquished Creatures (collateral kills)
  15 foxfires (D:1)
15 creatures vanquished.

Vanquished Creatures (others)
  143 foxfires
143 creatures vanquished.

Grand Total: 220 creatures vanquished

Notes
Turn   | Place    | Note
-------+----------+-------------------------------------------
     0 | D:1      | gelatine the Oni Fire Elementalist began the quest for the
                  | Orb.
     0 | D:1      | Reached XP level 1. HP: 16/16 MP: 3/3
    91 | D:1      | Reached skill level 1 in Fighting
   216 | D:1      | Reached XP level 2. HP: 17/27 MP: 0/5
   796 | D:1      | Reached XP level 3. HP: 34/35 MP: 0/6
   797 | D:1      | Reached skill level 1 in Conjurations
  1253 | D:2      | Reached XP level 4. HP: 44/44 MP: 0/8
  1321 | D:2      | Reached XP level 5. HP: 12/52 MP: 3/9
  1537 | D:2      | Found a sacrificial altar of Ru.
  1627 | D:2      | Found Kegguf's Jewellery Emporium.
  1685 | D:2      | Learned a level 2 spell: Scorch
  1689 | D:2      | Learned a level 3 spell: Volatile Blastmotes
  1693 | D:2      | Learned a level 3 spell: Inner Flame
  2592 | D:3      | Found a faded altar of an unknown god.
  3007 | D:2      | HP: 1/53 [orc/+0 mace (5)]
  3008 | D:2      | Slain by an orc

Illustrated notes

Levels and vault maps discovered:
D:1:      dpeg_arrival_lava_temple_mockup, layout_loops_ring, serial_bayou,
          serial_bayou_pond_e, serial_bayou_pond_c, serial_bayou_lagoon_b,
          serial_bayou_pond_a, minmay_misc_feat_rows, dk_noncrumbling_2,
          minivault_23, chequers_decorated_corner
D:2:      layout_basic, serial_shops, shop, basic_altar
D:3:      minmay_bubble_buster, layout_basic, dreamdust_ecumenical_altar_statues

Skill      XL: |  1  2  3  4  5 |
---------------+----------------+-----
Fighting       | 1 2 3 |  3.4
Dodging        | 2 |  2.2
Fire Magic     | 3 |  3.4
Conjurations   | 1 |  1.9
Spellcasting   | 3 |  3.7
Maces & Flails | |  0.9
Stealth        | |  1.6
Unarmed Combat | |  0.7

Action                     |  1- 3 |  4- 6 || total
---------------------------+-------+-------++-------
  Melee: Unarmed           |    48 |    11 ||    59
         Headbutt          |     4 |     2 ||     6
         Punch             |     2 |       ||     2
         Flail             |       |    19 ||    19
   Cast: Foxfire           |    51 |    42 ||    93
         Scorch            |       |    21 ||    21
    Use: Scroll            |       |     1 ||     1
 Armour: Robe              |    28 |    42 ||    70
  Dodge: Dodged            |    37 |    12 ||    49
